 Dungeon Crawl Stone Soup version 0.31-a0-1626-g5cb510d (webtiles) character file.

Game seed: 6417533115168357116

2359 blake the Magician (level 9, -11/65 HPs)
             Began as a Djinni Fire Elementalist on Jan 8, 2024.
             Was a Believer of Elyvilon.
             Mangled by a wight
             ... wielding a +3 battleaxe of freezing
              (20 damage)
             ... on level 7 of the Dungeon on Jan 11, 2024.
             The game lasted 00:24:55 (7364 turns).

blake the Magician (Djinni Fire Elementalist)       Turns: 7364, Time: 00:24:55

Health: -11/65     AC:  6    Str:  7    XL:     9   Next: 72%
Gold:   449        EV: 13    Int: 22    God:    Elyvilon [**....] SH:  0 Dex: 13

rFire   + + .        (no weapon)
rCold   x . .        (no shield)
rNeg    . . .        a - +0 robe
rPois   ∞            i - +0 helmet
rElec   .            D - +2 cloak
rCorr   .            (no gloves)
SInv    .            (boots unavailable)
Will    .....        (no amulet)
Stlth   ++           (no ring)
HPRegen 0.30/turn    (no ring)
MPRegen 0.00/turn

%: infuse magic (-12 HP)
@: flying
A: sickness immunity, fire resistance 2, cold vulnerability 1, float, innate
caster, HP casting, extra vitality 1
a: Renounce Religion, Purification, Heal Other


You were on level 7 of the Dungeon.
You worshipped Elyvilon.
Elyvilon was pleased with you.
You visited 2 branches of the dungeon, and saw 9 of its levels.

You collected 449 gold pieces.

Inventory:

Armour
 a - a +0 robe (worn)
 d - a +1 ring mail of poison resistance
 h - the +1 cloak "Keges" {Str+3}
   (You found it on level 2 of the Dungeon)

   Str+3:     It affects your strength (+3).
 i - a +0 helmet (worn)
 D - a +2 cloak (worn)
Magical Staves
 p - a staff of air
 C - a staff of earth
Jewellery
 s - a +4 ring of slaying
 A - a ring of willpower
Wands
 k - a wand of mindburst (16)
 u - a wand of paralysis (10)
 x - a wand of light (2)
Scrolls
 b - 8 scrolls of identify {unknown}
 c - 4 scrolls of fog {unknown}
 e - 3 scrolls of poison {unknown}
 g - 3 scrolls of fear {unknown}
 l - 2 scrolls of teleportation {unknown}
 m - 2 scrolls of enchant weapon {unknown}
 o - 3 scrolls of noise {unknown}
 r - a scroll of vulnerability {unknown}
 t - a scroll of enchant armour {unknown}
 w - a scroll of revelation {unknown}
 y - a scroll of brand weapon {unknown}
Potions
 f - 3 potions of haste {unknown}
 j - a potion of invisibility {unknown}
 n - a potion of might {unknown}
 q - a potion of curing {unknown}
 v - a potion of resistance {unknown}
 z - a potion of degeneration {unknown}
 B - a potion of mutation {unknown}
 E - a potion of berserk rage {unknown}


   Skills:
 + Level 5.6 Fighting
 - Level 4.9 Dodging
 - Level 4.0 Stealth
 + Level 6.4 Spellcasting
 + Level 6.4 Conjurations
 + Level 6.4 Hexes
 + Level 6.4 Summonings
 + Level 6.4 Necromancy
 + Level 6.4 Translocations
 + Level 6.4 Fire Magic
 + Level 6.4 Ice Magic
 + Level 6.4 Air Magic
 + Level 6.4 Earth Magic
 + Level 6.4 Alchemy
 + Level 5.6 Invocations


You knew the following spells:

 Your Spells              Type           Power      Damage    Failure   Level
a - Foxfire               Conj/Fire      100%       2x1d9     1%          1
b - Scorch                Fire           70%        2d7       1%          2
c - Volatile Blastmotes   Fire/Tloc      70%        2d15      1%          3
d - Inner Flame           Hex/Fire       35%        N/A       1%          3
e - Flame Wave            Conj/Fire      35%        2d10      6%          4
f - Necrotise             Necr           100%       1d9       1%          1
g - Searing Ray           Conj           70%        2d7       1%          2
h - Call Imp              Summ           70%        N/A       1%          2
i - Sticky Flame          Fire/Alch      35%        2d7       6%          4
Your spell library was empty.

Dungeon Overview and Level Annotations

Branches:
Dungeon (8/15)             Temple (1/1) D:5
   Lair: D:8-11

Altars:
Cheibriados
Dithmenos
Elyvilon
Fedhas
Gozag
Hepliaklqana
Makhleb
Nemelex Xobeh
Okawaru
Qazlal
Ru
Trog
Wu Jian
Xom
Yredelemnul

Shops:
D:7 *

Annotations:
D:7 Maurice
Temple 2 transporters


Innate Abilities, Weirdness & Mutations

You are immune to sickness and miasma.
You are immune to poison.
Your flesh is very heat resistant. (rF++)
You are vulnerable to cold. (rC-)
You float through the air rather than walking.
You learn spells naturally, not from books.
Your magical power is your life essence.
You have superior vitality. (+4 MHP)


Message History

Press: ? - help, Shift-Dir - straight line, f - wight
Aim: a wight, wielding a +4 spear of freezing and wearing a +0 robe (81% to hit)
The searing ray hits the wight but does no damage. (Press . to maintain the ray.)
The wight barely misses you.
The searing ray hits the wight.
The wight is lightly damaged.
The wight hits you from afar with a +4 spear of freezing!
The wight freezes you.
The searing ray hits the wight!
The wight is severely damaged.
The wight misses you.
The searing ray misses the wight.
You finish channelling your searing ray.
The wight misses you.
The wight hits you from afar with a +4 spear of freezing.
The wight freezes you.
Casting: Searing Ray (safe; 1% risk of failure)
Confirm with . or Enter, or press ? or * to list all spells.
Aiming: Searing Ray (safe; 1% risk of failure)
Press: ? - help, Shift-Dir - straight line, f/p - wight
Aim: a wight, wielding a +4 spear of freezing and wearing a +0 robe (severely damaged, 81% to hit)
The searing ray hits the wight!
You destroy the wight! (Press . to maintain the ray.)
The searing ray hits the wight.
The wight is moderately damaged.
Maurice says, "Nice gear.
Can I borrow some?"
The searing ray hits the wight but does no damage.
The wight is moderately damaged.
The wight hits you with a +3 battleaxe of freezing!
* * * LOW HITPOINT WARNING * * *
The wight freezes you.
* * * LOW HITPOINT WARNING * * *
The searing ray hits the wight.
The wight is severely damaged.
* * * LOW HITPOINT WARNING * * *
You finish channelling your searing ray.
The wight hits you with a +3 battleaxe of freezing!!
You die...

######## #### #......#
#...
########......######...
.......'......#........
#.######...............
###...............
#@...........##...
#z#####............
#)#f..#..####.#....
#.#.>.#..# #.#....
#.#...#.## #.#....
#.#.∩.#.# #.#####
#.#...#.# #+# #.#####.#
...


You could see Maurice and a wight.

Vanquished Creatures
  A hornet (D:8)
  A black bear (D:6)
  2 ice beasts (D:7)
  An ogre (D:5)
  A phantom (D:4)
  A kobold brigand (D:4)
  2 bullfrogs (D:8)
  A scorpion (D:6)
  12 wights
  A howler monkey (D:5)
  A bombardier beetle (D:5)
  2 hounds
  4 jellies
  2 orc priests
  A sleepcap (D:8)
  Terence (D:2)
  2 iguanas (D:5)
  6 orc wizards
  Robin (D:2)
  6 adders
  4 gnolls (D:5)
  A shadow imp (D:6)
  3 white imps
  4 ufetubi
  2 ribbon worms
  3 dart slugs
  13 orcs
  2 bats
  2 endoplasms
  2 giant cockroaches (D:2)
  12 hobgoblins
  4 jackals (D:1)
  25 kobolds
  5 quokkas
  6 ball pythons
  4 frilled lizards
  14 goblins
  6 rats
161 creatures vanquished.

Vanquished Creatures (collateral kills)
  2 foxfires (D:4)
2 creatures vanquished.

Vanquished Creatures (others)
  593 foxfires
593 creatures vanquished.

Grand Total: 756 creatures vanquished

Notes
Turn   | Place    | Note
-------+----------+-------------------------------------------
     0 | D:1      | blake the Djinni Fire Elementalist began the quest for the
                  | Orb.
     0 | D:1      | blake set off with the following spells memorised: Foxfire,
                  | Scorch, Volatile Blastmotes, Inner Flame, Flame Wave.
     0 | D:1      | Reached XP level 1. HP: 15/15 MP: 0/0
   205 | D:1      | Reached XP level 2. HP: 16/21 MP: 0/0
   375 | D:1      | Upgraded the game from 0.31-a0-1610-g9787180 to
                  | 0.31-a0-1620-gcbf77bb
   478 | D:1      | Reached XP level 3. HP: 6/25 MP: 0/0
   478 | D:1      | Learned a level 1 spell: Necrotise
   771 | D:2      | Noticed Robin
   924 | D:2      | Noticed Terence
   932 | D:2      | Killed Terence
   933 | D:2      | Reached XP level 4. HP: 23/31 MP: 0/0
   956 | D:2      | Killed Robin
  1319 | D:2      | Identified the +1 cloak "Keges" {Str+3}
  2069 | D:3      | Reached XP level 5. HP: 34/35 MP: 0/0
  2069 | D:3      | Learned a level 2 spell: Searing Ray
  2644 | D:3      | Found a blossoming altar of Fedhas.
  2667 | D:3      | Found a shadowy altar of Dithmenos.
  2786 | D:4      | Noticed a phantom
  2796 | D:4      | Killed a phantom
  2797 | D:4      | Reached XP level 6. HP: 29/40 MP: 0/0
  3317 | D:4      | Reached XP level 7. HP: 41/45 MP: 0/0
  3317 | D:4      | Learned a level 2 spell: Call Imp
  4039 | D:5      | Entered Level 5 of the Dungeon
  4260 | D:5      | Found a staircase to the Ecumenical Temple.
  4351 | Temple   | Found a transporter.
  4351 | Temple   | Found a transporter.
  4351 | Temple   | Found a transporter.
  4351 | Temple   | Found a transporter.
  4351 | Temple   | Entered the Ecumenical Temple
  4367 | Temple   | Became a worshipper of Elyvilon the Healer
  4593 | D:5      | Reached skill level 1 in Fighting
  4593 | D:5      | Reached skill level 1 in Invocations
  4750 | D:5      | Upgraded the game from 0.31-a0-1620-gcbf77bb to
                  | 0.31-a0-1626-g5cb510d
  4780 | D:5      | You are sucked into a shaft and drop 3 floors!
  4970 | D:8      | Reached XP level 8. HP: 47/54 MP: 0/0
  4999 | D:8      | Noticed a hornet
  5012 | D:8      | Elyvilon protects you from harm!
  5013 | D:8      | Killed a hornet
  5014 | D:8      | Reached skill level 5 in Spellcasting
  5014 | D:8      | Reached skill level 5 in Conjurations
  5014 | D:8      | Reached skill level 5 in Hexes
  5014 | D:8      | Reached skill level 5 in Summonings
  5014 | D:8      | Reached skill level 5 in Necromancy
  5014 | D:8      | Reached skill level 5 in Translocations
  5014 | D:8      | Reached skill level 5 in Fire Magic
  5014 | D:8      | Reached skill level 5 in Ice Magic
  5014 | D:8      | Reached skill level 5 in Air Magic
  5014 | D:8      | Reached skill level 5 in Earth Magic
  5014 | D:8      | Reached skill level 5 in Alchemy
  5268 | D:8      | Found a flagged portal.
  5275 | D:8      | Reached * piety under Elyvilon
  5707 | D:7      | Reached XP level 9. HP: 58/62 MP: 0/0
  5707 | D:7      | Learned a level 4 spell: Sticky Flame
  6046 | D:6      | Reached skill level 5 in Fighting
  6046 | D:6      | Reached skill level 5 in Invocations
  6107 | D:6      | Found a burning altar of Makhleb.
  6809 | D:6      | Found a snail-covered altar of Cheibriados.
  7016 | D:7      | Reached ** piety under Elyvilon
  7338 | D:7      | Found Adghouraco's General Store.
  7338 | D:7      | Noticed Maurice
  7364 | D:7      | Mangled by a wight

Illustrated notes

Levels and vault maps discovered:
D:1:      dpeg_arrival_oval, layout_rooms
D:2:      layout_rooms, uniq_robin, uniq_terence
D:3:      minmay_general_purpose_star, layout_basic,
          minmay_overflow_temple_star_quad
D:4:      kennysheep_kobold_camp, layout_basic
D:5:      layout_loops_ring, minmay_temple_entry_statues_pillars
D:6:      layout_basic, cheibrodos_worm_habitat, kennysheep_little_box
D:7:      layout_basic, serial_shops, nicolae_take_the_stairs, shop,
          skrybe_limestone_x, uniq_maurice
D:8:      layout_basic, lemuel_tele_altar, lemuel_round_altar, enter_bailey_5,
          nicolae_houndstooth_variations
Temple:   hellmonk_temple_divided_pantheon

Skill      XL: |  1  2  3  4  5  6  7  8  9 |
---------------+----------------------------+-----
Stealth        | 2 3 4 |  4.0
Dodging        | 3 4 |  4.9
Spellcasting   | 4 5 6 |  6.4
Conjurations   | 4 5 6 |  6.4
Hexes          | 4 5 6 |  6.4
Summonings     | 4 5 6 |  6.4
Necromancy     | 4 5 6 |  6.4
Translocations | 4 5 6 |  6.4
Fire Magic     | 4 5 6 |  6.4
Ice Magic      | 4 5 6 |  6.4
Air Magic      | 4 5 6 |  6.4
Earth Magic    | 4 5 6 |  6.4
Alchemy        | 4 5 6 |  6.4
Fighting       | 2 4 5 |  5.6
Invocations    | 2 4 5 |  5.6

Action                     |  1- 3 |  4- 6 |  7- 9 || total
---------------------------+-------+-------+-------++-------
  Melee: Unarmed           |     1 |       |       ||     1
   Cast: Foxfire           |    84 |   139 |   161 ||   384
         Searing Ray       |       |    15 |    31 ||    46
         Inner Flame       |       |       |     1 ||     1
         Scorch            |       |       |     1 ||     1
  Evoke: Wand              |       |       |     1 ||     1
 Armour: Robe              |     9 |     9 |    33 ||    51
  Dodge: Dodged            |    10 |    16 |    26 ||    52

Table legend: (Time is in decaauts)
 A = Elapsed time spent in this place.
 B = Non-inter-level travel time spent in this place.
 C = Inter-level travel time spent in this place.
 D = Time resting spent in this place.
 E = Time spent auto-exploring this place.
 F = Levels seen in this place.
 G = Mean time per level.
                   A        B        C        D        E       F      G
               +--------+--------+--------+--------+--------+-----+--------+
         Total |   7362 |   7050 |    312 |      2 |   6017 |   9 |  818.0 |
       Dungeon |   7330 |   7043 |    287 |      2 |   6017 |   8 |  916.2 |
        Temple |     31 |      6 |     25 |      0 |      0 |   1 |   31.0 |
               +--------+--------+--------+--------+--------+-----+--------+

Top non-repeatable levels by time:
     D:4: 1296 daAuts
     D:3: 1130 daAuts
     D:5: 1034 daAuts
     D:8: 920 daAuts
     D:1: 898 daAuts
     D:6: 863 daAuts
     D:2: 712 daAuts
     D:7: 473 daAuts
  Temple: 31 daAuts
